[Event "Titled Tuesday Blitz January 17 Early 2023"]
[White "Musovic, Armin"]
[Black "Todorovic, Bojan"]
[WhiteFideId "939935"]
[BlackFideId "917087"]
[WhiteElo "2261"]
[BlackElo "2195"]
[Result "1/2-1/2"]
[Round "02"]
[TimeControl "180+2"]
[Date "2023.01.17"]
[WhiteClock "0:00:26"]
[BlackClock "0:00:06"]

1. a3 d5 2. Nc3 e5 3. d4 exd4 4. Qxd4 Nf6 5. e4 Be6 6. exd5 Nxd5 7. Nf3 Nxc3 8. Qxc3 Nd7 9. Bg5 f6 10. Be3 Bd6 11. O-O-O O-O 12. Bc4 Qe7 13. h4 Ne5 14. Bxe6+ Qxe6 15. h5 Qa2 16. Qb3+ Qxb3 17. cxb3 Nxf3 18. gxf3 b6 19. Kc2 Rad8 20. b4 Be5 21. f4 Bd6 22. b5 Rfe8 23. b4 Re4 24. Rd5 Rde8 25. Rg1 Kf7 26. Rg4 g6 27. hxg6+ hxg6 28. Rh4 g5 29. Rh7+ Kg6 30. Rxd6 Kxh7 31. Rxf6 gxf4 32. Rxf4 Rxf4 33. Bxf4 Re2+ 34. Kb3 Rxf2 35. Bxc7 Kg6 36. a4 Rf7 37. Bb8 Kf5 38. a5 Ke4 39. Kc4 Rb7 40. Bxa7 Rxa7 41. axb6 Rh7 42. Kc5 Kd3 43. b7 Rxb7 44. b6 Rh7 45. b5 Kc3 46. Kc6 Kb4 47. b7 Rxb7 48. Kxb7 Kxb5 1/2-1/2


[Site "https://www.chess.com"]

[Event "Titled Tuesday Blitz January 17 Early 2023"]
[White "Grot, Blazej"]
[Black "Vivas Zamora, Fabian Ernesto"]
[WhiteFideId "21835845"]
[BlackFideId "3902480"]
[WhiteElo "1990"]
[BlackElo "2346"]
[Result "0-1"]
[Round "02"]
[TimeControl "180+2"]
[Date "2023.01.17"]
[WhiteClock "0:00:34"]
[BlackClock "0:00:16"]

1. e4 e5 2. Nf3 Nc6 3. Bb5 f5 4. d3 fxe4 5. dxe4 Nf6 6. O-O Bc5 7. Qd3 Nd4 8. Nxd4 Bxd4 9. c3 Bb6 10. Bc4 d6 11. Be3 Qe7 12. Nd2 Be6 13. h3 O-O 14. Rad1 Nh5 15. Bxe6+ Qxe6 16. Qc4 Rae8 17. Qxe6+ Rxe6 18. Nc4 Bxe3 19. fxe3 Rxf1+ 20. Rxf1 Ng3 21. Rf3 Nxe4 22. Na5 b6 23. Nc6 a5 24. g4 d5 25. Na7 Rf6 26. Rxf6 gxf6 27. Nb5 c6 28. Na7 c5 29. Nc8 b5 30. Ne7+ Kf7 31. Nxd5 b4 32. cxb4 cxb4 33. Kf1 Ke6 34. Nb6 f5 35. gxf5+ Kxf5 36. Nc4 a4 37. Nb6 Nc3 38. bxc3 b3 39. axb3 a3 40. e4+ Kxe4 41. Nc4 a2 42. Nd2+ Kd3 0-1


[Site "https://www.chess.com"]

[Event "Titled Tuesday Blitz January 17 Early 2023"]
[White "Pein, Jonathan"]
[Black "Degtiarev, Evgeny"]
[WhiteFideId "417092"]
[BlackFideId "4149610"]
[WhiteElo "2265"]
[BlackElo "2385"]
[Result "1/2-1/2"]
[Round "02"]
[TimeControl "180+2"]
[Date "2023.01.17"]
[WhiteClock "0:00:30"]
[BlackClock "0:00:18"]

1. d4 d5 2. c4 c6 3. cxd5 cxd5 4. Nc3 Nf6 5. Bf4 a6 6. e3 Nc6 7. Rc1 e6 8. Nf3 Bd6 9. Bg3 O-O 10. Bd3 h6 11. Bb1 Bxg3 12. hxg3 Qd6 13. Qd3 e5 14. dxe5 Nxe5 15. Nxe5 Qxe5 16. Rh4 Be6 17. Rf4 g6 18. Qd4 Qxd4 19. Rxd4 Rfc8 20. a3 Rc4 21. Rcd1 Rxd4 22. Rxd4 Rc8 23. Ba2 Rc5 24. Kd2 a5 25. b4 axb4 26. axb4 Rc7 27. Nxd5 Bxd5 28. Bxd5 Nxd5 29. Rxd5 h5 30. b5 Kf8 31. Re5 f6 32. Re6 Kf7 33. Rb6 Ke7 34. Ke2 Rd7 35. Kf3 Kf7 36. g4 h4 37. g5 f5 38. Rf6+ Kg7 39. b6 Rd5 40. Re6 Kf7 41. Rf6+ Kg7 42. Ke2 Rd7 43. Kf3 Rd5 1/2-1/2


[Site "https://www.chess.com"]

[Event "Titled Tuesday Blitz January 17 Early 2023"]
[White "Shuvalov, Evgenij"]
[Black "Alfaro, William"]
[WhiteFideId "4187237"]
[BlackFideId "6100457"]
[WhiteElo "2038"]
[BlackElo "2134"]
[Result "0-1"]
[Round "02"]
[TimeControl "180+2"]
[Date "2023.01.17"]
[WhiteClock "0:00:17"]
[BlackClock "0:00:40"]

1. d4 Nf6 2. c4 g6 3. Nc3 Bg7 4. e4 d6 5. Nf3 O-O 6. Be2 e5 7. O-O Nc6 8. d5 Ne7 9. Ne1 Nd7 10. f3 f5 11. g4 fxg4 12. fxg4 Rxf1+ 13. Kxf1 h6 14. h4 Kh7 15. Be3 Ng8 16. Ng2 b6 17. b4 a5 18. a3 Qf6+ 19. Kg1 Nf8 20. Nb5 Qf7 21. Qf1 Qe7 22. Rc1 axb4 23. axb4 Ba6 24. c5 bxc5 25. bxc5 Bxb5 26. Bxb5 Nf6 27. Qf3 Ra3 28. cxd6 cxd6 29. Rc8 h5 30. g5 Ng4 31. Bf1 Kg8 32. Qe2 Qb7 33. Rc1 Qb3 34. Bf2 Qh3 35. Qxg4 Qxg4 36. Re1 Nd7 37. Be2 Qxe4 38. Bb5 Qg4 39. Bxd7 Qxd7 40. Rc1 Ra2 41. Rf1 e4 0-1


[Site "https://www.chess.com"]

[Event "Titled Tuesday Blitz January 17 Early 2023"]
[White "Zaichenko, Daria"]
[Black "Kassimov, Baurzhan"]
[WhiteFideId "4197453"]
[BlackFideId "13704800"]
[WhiteElo "2104"]
[BlackElo "2285"]
[Result "0-1"]
[Round "02"]
[TimeControl "180+2"]
[Date "2023.01.17"]
[WhiteClock "0:01:29"]
[BlackClock "0:01:22"]

1. e4 d6 2. d4 Nf6 3. Nc3 e5 4. d5 Be7 5. f4 exf4 6. Bxf4 O-O 7. Nf3 Nbd7 8. b4 a5 9. bxa5 Nc5 10. Bd3 Ng4 11. O-O Bf6 12. Bd2 Bxc3 13. Bxc3 Ne3 14. Qd2 Nxf1 15. Rxf1 f6 16. Nh4 Qe7 17. Qf4 g5 18. Qg3 Nxe4 19. Bxe4 Qxe4 20. Bxf6 Qxh4 21. Qd3 Rxa5 22. Qc3 Rxd5 23. Qxc7 Qh6 24. Qe7 Rf5 25. Rxf5 Bxf5 26. Bxg5 Qe6 0-1


[Site "https://www.chess.com"]

[Event "Titled Tuesday Blitz January 17 Early 2023"]
[White "Mammadzada, Gunay"]
[Black "Sohier, Julien"]
[WhiteFideId "13403729"]
[BlackFideId "645346"]
[WhiteElo "2449"]
[BlackElo "2214"]
[Result "1/2-1/2"]
[Round "02"]
[TimeControl "180+2"]
[Date "2023.01.17"]
[WhiteClock "0:00:19"]
[BlackClock "0:00:23"]

1. e4 e5 2. Nf3 Nc6 3. Bb5 Nf6 4. O-O Nxe4 5. d4 Nd6 6. dxe5 Nxb5 7. a4 Nbd4 8. Nxd4 Nxd4 9. Qxd4 d5 10. Qd3 Be7 11. Nc3 c6 12. Ne2 O-O 13. Be3 a6 14. f4 g6 15. c3 Bf5 16. Qd2 Qd7 17. Ng3 f6 18. b4 fxe5 19. fxe5 Be6 20. Bd4 Rxf1+ 21. Rxf1 Rf8 22. Rf6 Bxf6 23. exf6 Rf7 24. Qg5 Bf5 25. h4 h5 26. Nxh5 Be4 27. Ng3 Qe6 28. h5 Kh7 29. Be5 Bc2 30. Ne2 Qf5 31. Qxf5 gxf5 32. Nd4 Be4 33. Ne6 Kh6 34. Ng7 Bc2 35. a5 Kg5 36. Ne8 Kxh5 37. Nd6 Kg6 38. Nxf7 Kxf7 39. Kf2 Be4 40. Ke3 Bxg2 41. Kd4 Be4 42. Kc5 f4 43. Kb6 Bd3 44. Kxb7 Bb5 45. Bxf4 Kxf6 46. Kb6 Kf5 47. Bd6 Ke4 48. Bc5 Kd3 49. Bd4 Kc4 50. Kc7 Kb3 51. Kd6 Kc4 52. Ke5 Kb3 53. Ke6 Kc4 54. Kd6 Kb3 55. Kc5 Kc2 56. Kd6 Kb3 1/2-1/2


[Site "https://www.chess.com"]

[Event "Titled Tuesday Blitz January 17 Early 2023"]
[White "Sovetbekova, Nurai"]
[Black "Kozin, Yuri"]
[WhiteFideId "13801910"]
[BlackFideId "4129920"]
[WhiteElo "1764"]
[BlackElo "2251"]
[Result "0-1"]
[Round "02"]
[TimeControl "180+2"]
[Date "2023.01.17"]
[WhiteClock "0:00:02"]
[BlackClock "0:00:13"]

1. d4 d5 2. c4 c6 3. Nf3 Nf6 4. g3 g6 5. Qa4 Bg7 6. cxd5 Nxd5 7. Bg2 O-O 8. O-O a5 9. Rd1 Bf5 10. Bf4 Nb4 11. Na3 Nd7 12. Rd2 Nb6 13. Qd1 N6d5 14. Nc4 Nxf4 15. gxf4 Nd5 16. e3 Qc7 17. Rc1 a4 18. Nfe5 Be6 19. Qf3 Nb4 20. a3 Nd5 21. e4 Nf6 22. Qe2 Rfd8 23. Ne3 Bb3 24. d5 c5 25. Qb5 b6 26. Qe2 Nh5 27. Nd3 Nxf4 28. Nxf4 Qxf4 29. Qb5 Be5 30. h3 Bd4 31. Re2 Rab8 32. Rce1 Rdc8 33. Nc4 Bxc4 34. Qxc4 b5 35. Qd3 Be5 36. Re3 b4 37. Rf3 Qh2+ 38. Kf1 c4 39. Qd2 c3 40. Qg5 cxb2 41. Qxe7 Rc1 42. Qxf7+ Kh8 0-1


[Site "https://www.chess.com"]

[Event "Titled Tuesday Blitz January 17 Early 2023"]
[White "Orujov, Elshad"]
[Black "Ezat, Mohamed"]
[WhiteFideId "13403540"]
[BlackFideId "10600906"]
[WhiteElo "2304"]
[BlackElo "2402"]
[Result "0-1"]
[Round "02"]
[TimeControl "180+2"]
[Date "2023.01.17"]
[WhiteClock "0:00:10"]
[BlackClock "0:00:47"]

1. e4 d6 2. Nf3 Bg4 3. d4 Nd7 4. Be2 c6 5. Nc3 e5 6. O-O Ngf6 7. Be3 Be7 8. h3 Bh5 9. Nd2 Bxe2 10. Qxe2 O-O 11. f4 Re8 12. fxe5 dxe5 13. d5 Bc5 14. Rad1 Qb6 15. Bxc5 Nxc5 16. Nc4 Qa6 17. Rxf6 gxf6 18. Qg4+ Kh8 19. Ne3 Rg8 20. Qh4 Rg6 21. Nf5 Qb6 22. Ne7 Rg5 23. Qh6 Nxe4+ 24. Kh2 Rxg2+ 25. Kh1 Qf2 0-1


[Site "https://www.chess.com"]

[Event "Titled Tuesday Blitz January 17 Early 2023"]
[White "Santos Flores, Alberto"]
[Black "Rios Escobar, Adan"]
[WhiteFideId "3601234"]
[BlackFideId "3403645"]
[WhiteElo "2164"]
[BlackElo "2234"]
[Result "1-0"]
[Round "02"]
[TimeControl "180+2"]
[Date "2023.01.17"]
[WhiteClock "0:00:32"]
[BlackClock "0:00:07"]

1. e4 c5 2. Nf3 d6 3. Bb5+ Nd7 4. d4 cxd4 5. Qxd4 a6 6. Bxd7+ Bxd7 7. Nc3 e5 8. Qd3 h6 9. Nd2 Rc8 10. Nc4 Qc7 11. Ne3 Nf6 12. O-O Bc6 13. Rd1 b5 14. Bd2 Qb7 15. Ncd5 Bxd5 16. exd5 g6 17. a4 b4 18. a5 Rc5 19. Be1 Bg7 20. Ra4 Rb5 21. Nc4 Ke7 22. Ne3 Rc8 23. Qd2 Rcc5 24. Rxb4 Rxb4 25. Qxb4 Rb5 26. Qa3 Nxd5 27. c4 Nxe3 28. Qxd6+ Ke8 29. Qd8# 1-0


[Site "https://www.chess.com"]

[Event "Titled Tuesday Blitz January 17 Early 2023"]
[White "Martin Duque, Jesus"]
[Black "Skurikhin, Dmitrij"]
[WhiteFideId "2208954"]
[BlackFideId "4161297"]
[WhiteElo "2386"]
[BlackElo "2297"]
[Result "1-0"]
[Round "02"]
[TimeControl "180+2"]
[Date "2023.01.17"]
[WhiteClock "0:02:33"]
[BlackClock "0:01:56"]

1. Nf3 d5 2. b3 c5 3. e3 a6 4. c4 d4 5. g3 Bg4 6. Bg2 Nc6 7. O-O e5 8. exd4 exd4 9. h3 Bh5 10. Qe1+ Be7 11. Ne5 Nb4 12. Bxb7 Rb8 13. Bc6+ Nxc6 14. Nxc6 Qc7 15. Nxb8 Qxb8 16. d3 Bf3 17. Bf4 Qc8 18. Kh2 Qd7 19. Nd2 Bb7 20. Ne4 Kf8 21. Qa5 f5 22. Nxc5 1-0


[Site "https://www.chess.com"]

[Event "Titled Tuesday Blitz January 17 Early 2023"]
[White "Mortazavi, Ali"]
[Black "Zaksaite, Salomeja"]
[WhiteFideId "401323"]
[BlackFideId "12801496"]
[WhiteElo "2333"]
[BlackElo "2283"]
[Result "1-0"]
[Round "02"]
[TimeControl "180+2"]
[Date "2023.01.17"]
[WhiteClock "0:01:59"]
[BlackClock "0:02:01"]

1. e4 c5 2. Nc3 e6 3. Nf3 Nc6 4. g3 d5 5. exd5 exd5 6. Bg2 Nf6 7. O-O Be7 8. d4 cxd4 9. Nxd4 O-O 10. h3 Nxd4 11. Qxd4 Be6 12. Bf4 Qd7 13. Rad1 Bxh3 14. Nxd5 Nxd5 15. Bxh3 Qxh3 16. Qxd5 b6 17. Qd7 Bc5 18. Qxh3 1-0


[Site "https://www.chess.com"]

[Event "Titled Tuesday Blitz January 17 Early 2023"]
[White "Bas Mas, Jose Joaquin"]
[Black "Podetti, Davide"]
[WhiteFideId "22219064"]
[BlackFideId "893617"]
[WhiteElo "2197"]
[BlackElo "2281"]
[Result "1/2-1/2"]
[Round "02"]
[TimeControl "180+2"]
[Date "2023.01.17"]
[WhiteClock "0:00:20"]
[BlackClock "0:00:55"]

1. e4 e5 2. Nf3 Nc6 3. Bc4 Bc5 4. O-O Nf6 5. d4 Bxd4 6. Nxd4 Nxd4 7. f4 d6 8. fxe5 dxe5 9. Bg5 Be6 10. Na3 Rg8 11. c3 Bxc4 12. Nxc4 Ne6 13. Bxf6 gxf6 14. Qxd8+ Rxd8 15. Rxf6 Ke7 16. Rf2 Nf4 17. Kf1 f6 18. Ne3 Rd3 19. Re1 Rgd8 20. g3 Nh3 21. Rfe2 Ng5 22. Nd5+ R3xd5 23. exd5 Rxd5 24. Kf2 Ke6 25. Ke3 Rb5 26. h4 Nf7 27. Rf1 Nd6 28. b3 Rd5 29. g4 f5 30. gxf5+ Nxf5+ 31. Kf2 Rd3 32. Rfe1 Rxc3 33. Rxe5+ Kf6 34. Re6+ Kf7 35. R6e5 Kf6 36. Re8 Rh3 37. Rc8 Rxh4 38. Rxc7 Rh2+ 39. Kg1 Rxa2 40. Rxb7 h5 41. Rf1 a6 42. Rb8 Ra5 43. b4 Re5 44. Rb6+ Kg5 45. Rxa6 Ng3 46. Ra5 Nxf1 47. Kxf1 Kf6 48. Ra6+ Ke7 49. Rh6 Rb5 50. Kg2 Rxb4 51. Rxh5 Rb6 52. Rh3 Rg6+ 53. Rg3 Rxg3+ 54. Kxg3 1/2-1/2


[Site "https://www.chess.com"]

[Event "Titled Tuesday Blitz January 17 Early 2023"]
[White "Bettalli, Francesco"]
[Black "Lakshmi C"]
[WhiteFideId "2816453"]
[BlackFideId "25035347"]
[WhiteElo "2252"]
[BlackElo "1928"]
[Result "1-0"]
[Round "02"]
[TimeControl "180+2"]
[Date "2023.01.17"]
[WhiteClock "0:00:31"]
[BlackClock "0:00:01"]

1. d4 Nf6 2. Nc3 d5 3. Bf4 e6 4. Nb5 Na6 5. e3 c6 6. Nc3 b5 7. a3 Nc7 8. Nf3 a5 9. Ne5 Bb7 10. Be2 Nd7 11. O-O Nxe5 12. Bxe5 Bd6 13. f4 f6 14. Bd3 g6 15. Qg4 fxe5 16. fxe5 Be7 17. e4 dxe4 18. Nxe4 Qxd4+ 19. Kh1 Qxe5 20. Rae1 O-O-O 21. b4 axb4 22. axb4 Qd5 23. Rf7 Bxb4 24. Ref1 Qh5 25. Qg3 Nd5 26. Nf6 Bd6 27. Nxh5 Bxg3 28. Nxg3 Ne3 29. R1f6 Nf5 30. Rxe6 Nxg3+ 31. hxg3 Kb8 32. Ree7 Ba6 33. Be4 Rd6 34. g4 g5 35. Kh2 Rh6+ 36. Kg3 Rd8 37. Kf2 1-0


[Site "https://www.chess.com"]

[Event "Titled Tuesday Blitz January 17 Early 2023"]
[White "Abdilkhair, Abilmansur"]
[Black "Tomaszewski, Kacper"]
[WhiteFideId "13716417"]
[BlackFideId "1127373"]
[WhiteElo "2268"]
[BlackElo "2313"]
[Result "1-0"]
[Round "02"]
[TimeControl "180+2"]
[Date "2023.01.17"]
[WhiteClock "0:00:08"]
[BlackClock "0:00:03"]

1. d4 c6 2. Nc3 d5 3. e4 dxe4 4. Nxe4 Bf5 5. Ng3 Bg6 6. N1e2 Nd7 7. h4 h6 8. Nf4 Bh7 9. Bc4 e5 10. Qh5 g6 11. Qe2 Qe7 12. dxe5 Qxe5 13. O-O Qxe2 14. Ngxe2 Be7 15. g3 Ngf6 16. Be3 O-O 17. Nd4 Ng4 18. Rae1 Nde5 19. Bb3 c5 20. Nd5 cxd4 21. Nxe7+ Kg7 22. Bxd4 f6 23. f3 Rfe8 24. Nd5 Nxf3+ 25. Rxf3 Rxe1+ 26. Kg2 Rf8 27. Nf4 Bg8 28. Bxa7 Bxb3 29. Rxb3 Rf7 30. Bd4 h5 31. Rb6 Rd7 32. c3 Kf7 33. Kf3 Rde7 34. Nd5 Nh2+ 35. Kg2 R7e2+ 36. Bf2 Ng4 37. Rxb7+ Ke6 38. Nf4+ Kd6 39. Nxe2 Rxe2 40. Kf3 Rxf2+ 41. Ke4 f5+ 42. Kd4 Rd2+ 43. Kc4 Ne5+ 44. Kb3 Nd3 45. Rb6+ Kd5 46. Rxg6 Rxb2+ 47. Ka3 Rb7 48. Rg5 Nc5 49. Rxf5+ Kc4 50. Rxh5 Ra7+ 51. Kb2 Nd3+ 52. Kb1 Rb7+ 53. Kc2 Ne1+ 54. Kd1 Rb1+ 55. Ke2 Nc2 56. Rg5 Kxc3 57. Rc5+ Kb2 58. Rb5+ Kc1 59. Rxb1+ Kxb1 60. h5 Nd4+ 61. Ke3 Ne6 62. h6 Nf8 63. a4 Ka2 64. a5 Kb3 65. a6 1-0


[Site "https://www.chess.com"]

[Event "Titled Tuesday Blitz January 17 Early 2023"]
[White "Player, Edmund C"]
[Black "Hajiyev, Kanan"]
[WhiteFideId "406520"]
[BlackFideId "13404148"]
[WhiteElo "2204"]
[BlackElo "2197"]
[Result "0-1"]
[Round "02"]
[TimeControl "180+2"]
[Date "2023.01.17"]
[WhiteClock "0:00:01"]
[BlackClock "0:00:45"]

1. e4 c6 2. d4 d5 3. Nd2 a6 4. Ngf3 Bg4 5. c3 e6 6. Bd3 Nf6 7. e5 Nfd7 8. O-O c5 9. h3 Bh5 10. Re1 Nc6 11. dxc5 Bxc5 12. Nb3 Ba7 13. Bf4 O-O 14. a4 Rc8 15. a5 Nc5 16. Nxc5 Bxc5 17. Bc2 Ba7 18. b4 Bxf3 19. Qxf3 Nxb4 20. Bxh7+ Kxh7 21. cxb4 Rc4 22. Qh5+ Kg8 23. Bg5 f6 24. exf6 Qe8 25. Qxe8 Rxe8 26. fxg7 Kxg7 27. Rab1 e5 28. Be3 d4 29. Bd2 Rc2 30. Bf4 Kf6 31. g4 Re6 32. Bg3 d3 33. Kg2 e4 34. Rbd1 Rb2 35. h4 e3 0-1


[Site "https://www.chess.com"]

[Event "Titled Tuesday Blitz January 17 Early 2023"]
[White "Trigo Urquijo, Sergio"]
[Black "Afanasieva, Alexandra"]
[WhiteFideId "2262436"]
[BlackFideId "34126926"]
[WhiteElo "2408"]
[BlackElo "1857"]
[Result "1-0"]
[Round "02"]
[TimeControl "180+2"]
[Date "2023.01.17"]
[WhiteClock "0:00:23"]
[BlackClock "0:00:08"]

1. b3 d5 2. Bb2 Nf6 3. e3 g6 4. c4 c6 5. cxd5 cxd5 6. Bxf6 exf6 7. d4 Bf5 8. Bd3 Bb4+ 9. Ke2 Be4 10. Nf3 O-O 11. a3 Bd6 12. Nc3 Re8 13. Bxe4 dxe4 14. Nd2 f5 15. Nc4 Nc6 16. g3 Rc8 17. h4 a6 18. Nxd6 Qxd6 19. Na4 Ne7 20. b4 Nd5 21. Qb3 Qd7 22. Rhc1 Qb5+ 23. Ke1 b6 24. Rab1 a5 25. Nc3 Nxc3 26. Rxc3 a4 27. Qc2 Rxc3 28. Qxc3 Qd5 29. Rc1 Qa2 30. Rc2 Qb1+ 31. Rc1 Qa2 32. Rc2 Qb1+ 33. Ke2 Qh1 34. Rc1 Qf3+ 35. Ke1 Qh1+ 36. Kd2 Qf3 37. Rf1 Qg2 38. Ke2 Qf3+ 39. Kd2 b5 40. Qc1 Qg2 41. Ke2 Qf3+ 42. Kd2 Kg7 43. Qd1 Qg2 44. Qe2 Rc8 45. Rc1 Rxc1 46. Kxc1 Qh1+ 47. Kb2 Qf3 48. Qxf3 exf3 49. Kc3 Kf6 50. Kd3 Ke6 51. e4 fxe4+ 52. Kxe4 f5+ 53. Kxf3 Kd5 54. Ke3 h6 55. Kd3 g5 56. hxg5 hxg5 57. f3 f4 58. g4 Kd6 59. Ke4 Ke6 60. d5+ Kd6 61. Kd4 1-0


[Site "https://www.chess.com"]

[Event "Titled Tuesday Blitz January 17 Early 2023"]
[White "TacticalSam94"]
[Black "Ahmad, Al Khatib"]
[BlackFideId "8103178"]
[WhiteElo "2382"]
[BlackElo "2344"]
[Result "0-1"]
[Round "02"]
[TimeControl "180+2"]
[Date "2023.01.17"]
[WhiteClock "0:00:03"]
[BlackClock "0:00:06"]

1. e4 c5 2. Nf3 g6 3. d4 cxd4 4. Nxd4 Bg7 5. Nc3 Nc6 6. Be3 Nf6 7. Bc4 Qa5 8. O-O O-O 9. Bb3 d6 10. h3 Bd7 11. Re1 Rfe8 12. Nd5 Nxe4 13. Nxc6 bxc6 14. Nf4 Nf6 15. Qf3 e6 16. Rad1 d5 17. c3 e5 18. Ne2 Qc7 19. Bc5 Ne4 20. Be3 Nf6 21. Bc5 Ne4 22. Be3 Be6 23. Ng3 Nxg3 24. Qxg3 a5 25. f4 a4 26. Bc2 a3 27. f5 Bxf5 28. Bxf5 gxf5 29. Bh6 f6 30. b4 Kh8 31. Bxg7+ Qxg7 32. Qf2 Rg8 33. b5 cxb5 34. Rxd5 Rac8 35. Rd2 Rxc3 36. Qxf5 Rg3 37. Ree2 Qg6 38. Qf2 Rxh3 39. Rd7 Qh6 40. Qf5 Rh1+ 41. Kf2 Qh4+ 42. Ke3 Qg5+ 43. Qxg5 Rxg5 44. Rf2 Rh6 45. Rd8+ Rg8 46. Rd5 Rhg6 47. Rxb5 Rxg2 48. Rxf6 R2g3+ 49. Ke4 R8g4+ 50. Kxe5 Rg5+ 51. Rf5 Rxf5+ 52. Kxf5 Rg2 53. Kf6 Rf2+ 54. Ke7 Rxa2 55. Ra5 Ra1 56. Kf6 Rf1+ 57. Kg5 Rf3 58. Kh6 Rf6+ 59. Kg5 Rf3 60. Kh6 Rh3+ 0-1


[Site "https://www.chess.com"]

[Event "Titled Tuesday Blitz January 17 Early 2023"]
[White "Zampronha, Wladimir Camilo"]
[Black "Ortega Ruiz, Jose Miguel"]
[WhiteFideId "2103087"]
[BlackFideId "2209713"]
[WhiteElo "2176"]
[BlackElo "2351"]
[Result "1-0"]
[Round "02"]
[TimeControl "180+2"]
[Date "2023.01.17"]
[WhiteClock "0:00:31"]
[BlackClock "0:00:13"]

1. e4 c6 2. d4 d5 3. e5 Bf5 4. Nf3 h5 5. Be2 e6 6. O-O Be7 7. c4 h4 8. h3 Nd7 9. Nc3 Nh6 10. cxd5 exd5 11. Bd3 Be6 12. Qc2 a5 13. Re1 g5 14. Bd2 g4 15. hxg4 Nxg4 16. Bf5 Nf8 17. Bxe6 fxe6 18. Nh2 Nxh2 19. Kxh2 Qb6 20. Be3 O-O-O 21. Rac1 Kb8 22. Na4 Qb4 23. a3 Qb5 24. b4 axb4 25. axb4 Bxb4 26. Rb1 Qa5 27. Nc5 Bxc5 28. dxc5 Nd7 29. Qb2 Qc7 30. Bd4 Kc8 31. Ra1 Nb8 32. Ra8 Kd7 33. Ra7 Kc8 34. Rb1 Na6 35. Rxb7 Kd7 36. Rxc7+ Nxc7 37. Qd2 Rhf8 38. Rb7 Kc8 39. Ra7 Kd7 40. Qa5 Rc8 41. Be3 Rf5 42. Kh3 Rh5 43. f4 Rh7 44. f5 Rg7 45. fxe6+ Kxe6 46. Bg5 d4 47. Bf6 Rh7 48. Qb6 Nd5 49. Rxh7 Nxb6 50. cxb6 c5 51. Re7+ Kf5 52. Rc7 Rb8 53. Rxc5 Rxb6 54. Rd5 Ke4 55. Rd8 d3 56. Bxh4 Rb3 57. e6 d2+ 58. Kh2 Rd3 59. Rxd3 Kxd3 60. e7 d1=Q 61. e8=Q Qg4 62. Bg3 Qg5 63. Qe5 Qh6+ 64. Kg1 Qc1+ 65. Be1 Qh6 66. Qe7 Qb6+ 67. Kf1 Kc2 68. Bf2 Qb1+ 69. Qe1 Qb5+ 70. Qe2+ Qxe2+ 71. Kxe2 Kc3 72. Ke3 Kc4 73. Ke4 Kb5 74. Ke5 Kc6 75. Ke6 Kc7 76. Ke7 Kc6 77. g4 Kd5 78. g5 Ke5 79. g6 Kf5 80. Kf7 Kg5 81. g7 Kh6 82. g8=Q Kh5 83. Qg3 Kh6 84. Qg6# 1-0


[Site "https://www.chess.com"]

[Event "Titled Tuesday Blitz January 17 Early 2023"]
[White "Kuznetsov, Mikhail"]
[Black "Bashirli, Saadat"]
[WhiteFideId "4117190"]
[BlackFideId "13429990"]
[WhiteElo "2050"]
[BlackElo "1571"]
[Result "1-0"]
[Round "02"]
[TimeControl "180+2"]
[Date "2023.01.17"]
[WhiteClock "0:00:51"]
[BlackClock "0:00:46"]

1. Nf3 d5 2. g3 Nf6 3. Bg2 Bg4 4. Ne5 Bf5 5. O-O e6 6. c4 c6 7. d4 Nbd7 8. Nc3 Bd6 9. Bf4 Bxe5 10. dxe5 Nh5 11. cxd5 exd5 12. Bd2 Nxe5 13. e4 Bg6 14. exd5 cxd5 15. Re1 Qd6 16. Nb5 Qe7 17. Bb4 Qxb4 18. Rxe5+ Kf8 19. Qxd5 Nf6 20. Qxb7 Rd8 21. Rae1 Nd7 22. Re8+ Rxe8 23. Rxe8+ Kxe8 24. Nc7+ Kd8 25. Qxb4 Kxc7 26. Qa5+ Kb8 27. Qd5 Kc8 28. Qb7+ Kd8 29. Qa8+ 1-0


[Site "https://www.chess.com"]

[Event "Titled Tuesday Blitz January 17 Early 2023"]
[White "Morales, Yandri"]
[Black "Vagman, Roy"]
[WhiteFideId "30959268"]
[BlackFideId "2828995"]
[WhiteElo "2031"]
[BlackElo "2273"]
[Result "0-1"]
[Round "02"]
[TimeControl "180+2"]
[Date "2023.01.17"]
[WhiteClock "0:00:57"]
[BlackClock "0:01:10"]

1. e4 d6 2. d4 g6 3. Nf3 Bg7 4. c4 Nf6 5. Nc3 O-O 6. Bd3 Nc6 7. O-O e5 8. Bc2 Bg4 9. dxe5 Nxe5 10. Bd3 Nxf3+ 11. gxf3 Bh3 12. Re1 Nh5 13. Bf1 Qh4 14. Nd5 Bxf1 15. Rxf1 Be5 16. f4 Nxf4 17. Nxf4 Bxf4 18. Bxf4 Qxf4 19. Qd5 Rae8 20. Rfe1 Re5 21. Qd3 Rg5+ 22. Kh1 Qxf2 23. Re2 Qf4 24. Re3 Rh5 25. Rg3 Re8 26. Re1 Qf2 27. Re2 Rxh2# 0-1


[Site "https://www.chess.com"]

[Event "Titled Tuesday Blitz January 17 Early 2023"]
[White "Kazancev, Valerij M"]
[Black "Dilmukhametov, Artur"]
[WhiteFideId "4179609"]
[BlackFideId "24179922"]
[WhiteElo "2313"]
[BlackElo "2276"]
[Result "1-0"]
[Round "02"]
[TimeControl "180+2"]
[Date "2023.01.17"]
[WhiteClock "0:02:07"]
[BlackClock "0:01:27"]

1. c4 Nf6 2. g3 g6 3. Bg2 Bg7 4. Nc3 O-O 5. e3 d6 6. Nge2 c5 7. O-O Na6 8. h3 Rb8 9. a3 Nc7 10. b4 a6 11. bxc5 dxc5 12. Rb1 b5 13. d4 cxd4 14. Nxd4 Bd7 15. c5 Ncd5 16. Nxd5 Nxd5 17. Bxd5 Bxh3 18. Bg2 Bxg2 19. Kxg2 Rc8 20. Bb2 Rxc5 21. Qf3 h5 22. Rfd1 e6 23. Nc6 Qc7 24. Bxg7 Kxg7 25. Rbc1 Rc8 26. Rxc5 1-0


[Site "https://www.chess.com"]

[Event "Titled Tuesday Blitz January 17 Early 2023"]
[White "Samaganova, Aleksandra"]
[Black "Ozates, Tuna"]
[WhiteFideId "13800221"]
[BlackFideId "6354521"]
[WhiteElo "1856"]
[BlackElo "2251"]
[Result "0-1"]
[Round "02"]
[TimeControl "180+2"]
[Date "2023.01.17"]
[WhiteClock "0:00:52"]
[BlackClock "0:01:36"]

1. c4 g6 2. Nc3 Bg7 3. g3 c5 4. Bg2 Nc6 5. e3 d6 6. Nge2 e5 7. O-O Nge7 8. h3 O-O 9. a3 Be6 10. Nd5 Rb8 11. Nec3 a6 12. Rb1 b5 13. Nxe7+ Nxe7 14. cxb5 axb5 15. b4 c4 16. a4 bxa4 17. Qxa4 d5 18. b5 f5 19. Ba3 Rf7 20. Qa6 Rb6 21. Qa5 Rb8 22. Bc5 Qxa5 0-1


[Site "https://www.chess.com"]

[Event "Titled Tuesday Blitz January 17 Early 2023"]
[White "Myshakov, Fyodor"]
[Black "Martin, Lewis"]
[WhiteFideId "14111284"]
[BlackFideId "410551"]
[WhiteElo "2292"]
[BlackElo "2135"]
[Result "1-0"]
[Round "02"]
[TimeControl "180+2"]
[Date "2023.01.17"]
[WhiteClock "0:00:17"]
[BlackClock "0:00:04"]

1. c4 Nf6 2. Nc3 c6 3. Nf3 d5 4. cxd5 cxd5 5. d4 a6 6. Bf4 Nc6 7. e3 Bf5 8. Ne5 e6 9. g4 Bg6 10. h4 h5 11. Nxg6 fxg6 12. Bd3 Kf7 13. gxh5 gxh5 14. Bg5 Bb4 15. Rh3 e5 16. dxe5 Nxe5 17. Bf5 g6 18. Bc2 Qd7 19. Rf3 Nxf3+ 20. Qxf3 Qc6 21. O-O-O Bxc3 22. bxc3 Rad8 23. Rd4 Rhf8 24. Bxf6 Qxf6 25. Rf4 Kg7 26. Rxf6 Rxf6 27. Qg3 Rc8 28. Kd2 Rfc6 29. f4 b5 30. Bd3 Rf6 31. Qg5 Rd8 32. f5 Rdf8 33. fxg6 Rf2+ 34. Ke1 R8f6 35. Qxh5 Rxa2 36. Qh7+ Kf8 37. g7+ 1-0


[Site "https://www.chess.com"]

[Event "Titled Tuesday Blitz January 17 Early 2023"]
[White "Ciuffoletti, Paolo"]
[Black "Nguyen Hong Nhung"]
[WhiteFideId "807630"]
[BlackFideId "12412201"]
[WhiteElo "2106"]
[BlackElo "2003"]
[Result "0-1"]
[Round "02"]
[TimeControl "180+2"]
[Date "2023.01.17"]
[WhiteClock "0:00:02"]
[BlackClock "0:00:14"]

1. e4 c5 2. d4 cxd4 3. c3 Nf6 4. e5 Nd5 5. Qxd4 e6 6. Bc4 Nc6 7. Qe4 f5 8. Qe2 Nb6 9. Bb3 Qc7 10. Nf3 Be7 11. O-O O-O 12. a4 Na5 13. Bc2 Nd5 14. b4 Nc6 15. Bb3 d6 16. exd6 Bxd6 17. Na3 Nxc3 18. Bxe6+ Kh8 19. Qc4 Bxe6 20. Qxe6 Rae8 21. Qb3 Ne2+ 22. Kh1 Bxb4 23. Nb5 Qe7 24. Bb2 a6 25. Nbd4 Nexd4 26. Nxd4 Nxd4 27. Bxd4 Bd6 28. h3 Qc7 29. Rac1 Qb8 30. Qd5 Be5 31. Bxe5 Rxe5 32. Qd7 Rfe8 33. Rc7 R5e7 34. Qxe7 Rxe7 35. Rxe7 h6 36. Rfe1 Qf4 37. Re8+ Kh7 38. R8e3 b5 39. axb5 axb5 40. Rd1 Qxf2 0-1


[Site "https://www.chess.com"]